 Dungeon Crawl Stone Soup version 0.14-a0-3294-g830ee6c (webtiles) character file.

132 4tharraofdagon the Chopper (level 4, -8/38 HPs)
             Began as a Ghoul Gladiator on Mar 13, 2014.
             Killed by divine providence
             ... invoked by an orc priest
              (11 damage)
             ... on Level 5 of the Dungeon.
             The game lasted 00:04:45 (808 turns).

4tharraofdagon the Chopper (Ghoul Gladiator)         Turns: 808, Time: 00:04:45

HP  -8/38        AC  7     Str 18      XL: 4   Next: 46%
MP   3/3         EV 10     Int  4      God:
Gold 48          SH  0     Dex  9      Spells:  0 memorised,  3 levels left

rFire  . . .     SeeInvis .     i - +0,-2 hand axe (curse)
rCold  + . .     Clarity  .     e - +0 ring mail
rNeg   + + +     Conserve .     (no shield)
rPois  +         rCorr    .     n - +2 hat
rElec  .         rRot     +     (no cloak)
SustAb . .       Spirit   .     (no gloves)
rMut   .         Warding  .     (no boots)
Saprov + + +     Stasis   .     (no amulet)
MR     .....                    (no ring)
                                h - ring of sustenance {unknown}

@: rotting, not resistant to hostile enchantments, extremely unstealthy
A: rotting body, claws 1, carnivore 3, cold resistance 1, life protection 3,
poison resistance, saprovore 3, slow healing 1, torment resistance, unbreathing
a: no special abilities


You were on level 5 of the Dungeon.
You were not hungry.

You visited 1 branch of the dungeon, and saw 6 of its levels.

You collected 48 gold pieces.

Inventory:

Hand weapons
 a - a +0,+0 war axe
 i - a cursed +0,-2 hand axe (weapon)
Missiles
 d - 3 throwing nets (quivered)
Armour
 b - a +0 leather armour
 c - a +0 helmet
 e - a +0 ring mail (worn)
 m - a +0 buckler
 n - a +2 hat (worn)
Comestibles
 o - a chunk of adder flesh
Scrolls
 j - a scroll of immolation {unknown}
 k - a scroll of teleportation
Jewellery
 h - a ring of sustenance (left claw) {unknown}


   Skills:
 + Level 3.2 Fighting
 * Level 3.8 Axes
 - Level 1.7 Throwing
 + Level 1.3 Armour
 - Level 2.6 Dodging


You had 3 spell levels left.
You didn't know any spells.

Dungeon Overview and Level Annotations

Branches:
Dungeon (6/15)
 Temple: D:4-7

Altars:


Innate Abilities, Weirdness & Mutations

Your body is rotting away.
You have sharp fingernails.
You are carnivorous and can eat meat at any time.
Your flesh is cold resistant.
You are immune to negative energy.
Your system is resistant to poisons.
You thrive on rotten meat.
You heal slowly when monsters are visible.
You are immune to unholy pain and torment.
You can survive without breathing.


Message History

The orc wizard looks braver.
The orc warrior barely misses you.
There is a stone staircase leading up here.
You climb upwards.
The orc shouts!
There is a stone staircase leading down here.
Some of the chunks of flesh in your inventory have completely rotted away.
The orc shouts!
You feel your flesh rotting away.
Eat a rotting chunk of rat flesh? (ye/n/q/i?) This rotting flesh tastes delicious!
You feel more resilient.
You continue eating.
The orc wizard hits you but does no damage.
You continue eating.
The orc wizard casts a spell at you. The puff of flame hits you!
* * * LOW HITPOINT WARNING * * *
The orc priest mumbles some strange prayers to Beogh against you.
Something smites you!
You die...

. ..# .o. #
##.#### ........#
#
......#o.######|##
........>.oo.@...#
#######..######.##
#..# # #..# #..#
#..# #..# #..# ..#


You could see an orc priest, an orc wizard and an orc.

Vanquished Creatures
  A hound (D:3)
  3 adders
  2 oozes
  5 bats
  2 goblins (D:1)
  6 hobgoblins
  3 kobolds
  A ball python (D:1)
  A giant cockroach zombie (D:6)
  A giant newt (D:1)
  3 rats
28 creatures vanquished.

Notes
Turn   | Place    | Note
--------------------------------------------------------------
     0 | D:1      | 4tharraofdagon, the Ghoul Gladiator, began the quest for the Orb.
     0 | D:1      | Reached XP level 1. HP: 17/17 MP: 1/1
   138 | D:1      | Reached XP level 2. HP: 25/25 MP: 2/2
   306 | D:1      | Reached skill level 3 in Axes
   346 | D:2      | Reached skill level 1 in Armour
   346 | D:2      | Reached XP level 3. HP: 13/30 MP: 3/3
   450 | D:3      | Reached XP level 4. HP: 34/38 MP: 3/3
   634 | D:5      | Entered Level 5 of the Dungeon
   758 | D:6      | Noticed an orc warrior
   808 | D:5      | Killed from afar by an orc priest

Action                   |  1- 3 |  4- 6 || total
-------------------------+-------+-------++-------
Melee: War axe           |    56 |    13 ||    69
       Hand axe          |       |    21 ||    21
Throw: Throwing net      |     2 |       ||     2
  Use: Potion            |     2 |     1 ||     3
       Scroll            |       |     1 ||     1
